 Dungeon Crawl Stone Soup version 0.28.0 (webtiles) character file.

Game seed: 10310179127117193157

270607 oldriver the Warrior (level 21, -10/184 HPs)
             Began as a Formicid Abyssal Knight on Feb 11, 2022.
             Was the Champion of Lugonu.
             Mangled by a +4 halberd of distortion (14 damage)
             ... on level 2 of the Elven Halls.
             The game lasted 01:27:05 (52357 turns).

oldriver the Warrior (Formicid Abyssal Knight)     Turns: 52357, Time: 01:27:05

Health: -10/184    AC: 40    Str: 34    XL:     21   Next: 6%
Magic:  26/33      EV: 27    Int: 16    God:    Lugonu [******]
Gold:   3317       SH: 14    Dex: 11    Spells: 20/20 levels left

rFire   + + +      SeeInvis +   a - +10 quarterstaff "Dotosiqe" {distort, Str+2 Int+2}
rCold   + + +      Faith    .   Z - +2 shield of Resistance {rF++ rC++ Will++}
rNeg    + . .      Spirit   .   r - +7 chain mail "Onodd" {rC+ Str+5 Stlth+}
rPois   +          Reflect  .   (helmet unavailable)
rElec   .          Harm     .   B - +4 cloak of Sin {rF+}
rCorr   +          Rampage  .   C - +2 pair of gloves
Will    +++++                   n - +2 pair of boots {Fly}
Stlth   ++........              F - amulet of Ohaunn {Acrobat *Slow rPois rN+ rCorr}
HPRegen 0.40/turn               X - ring of the Final Decision {Will+ AC+4 Int+2 Dex+2}
MPRegen 0.23/turn               y - +4 ring of slaying

@: acrobatic, flying
A: permanent stasis, dig shafts and tunnels, antennae 3, four strong arms,
iridescent scales 1, clumsy 1, high MP 1, wild magic 1
}: 2/15 runes: decaying, gossamer
a: Dig, Shaft Self, Renounce Religion, Depart the Abyss, Bend Space, Banish,
Corrupt, Enter the Abyss, Brand Weapon With Distortion


You were on level 2 of the Elven Halls.
You worshipped Lugonu.
Lugonu was exalted by your worship.
You visited 7 branches of the dungeon, and saw 34 of its levels.
You visited the Abyss 2 times.
You also visited: Gauntlet, Ice Cave and Volcano.

You collected 5401 gold pieces.
You spent 2084 gold pieces at shops.

Inventory:

Hand Weapons
 a - the +10 quarterstaff "Dotosiqe" (weapon) {distort, Str+2 Int+2}
   (You found it on level 2 of the Dungeon)

   It warps and distorts space around it, and may blink, banish, or inflict
   extra damage upon those it strikes.
   Unwielding it can cause banishment or high damage.
   Str:       It affects your strength (+2).
   Int:       It affects your intelligence (+2).
 b - a +1 hunting sling
 k - a +1 vampiric hand axe
 O - a +2 lajatang of speed
Missiles
 c - 1063 stones (quivered)
 i - 41 poisoned darts
 W - a throwing net
 Y - 6 curare-tipped darts
Armour
 n - a +2 pair of boots of flying (worn)
 r - the +7 chain mail "Onodd" (worn) {rC+ Str+5 Stlth+}
   (You found it on level 8 of the Dungeon)

   Str:       It affects your strength (+5).
   rC:        It protects you from cold.
   Stlth:     It makes you more stealthy.
 B - the +4 cloak of Sin (worn) {rF+}
   (You found it on level 10 of the Dungeon)

   rF:        It protects you from fire.
 C - a +2 pair of gloves (worn)
 Z - the +2 shield of Resistance (worn) {rF++ rC++ Will++}
   (You found it on level 3 of the Spider Nest)

   rF:        It greatly protects you from fire.
   rC:        It greatly protects you from cold.
   Will:      It greatly increases your willpower.
Jewellery
 y - a +4 ring of slaying (right hand)
 E - an amulet of regeneration
 F - the amulet of Ohaunn (around neck) {Acrobat *Slow rPois rN+ rCorr}
   (You found it in a Gauntlet)

   [amulet of the acrobat]

   It increases your evasion while moving and waiting.
   rPois:     It protects you from poison.
   rN:        It protects you from negative energy.
   rCorr:     It protects you from acid and corrosion.
   *Slow:     It may slow you when you take damage.
 T - an amulet of reflection
 X - the ring of the Final Decision (left hand) {Will+ AC+4 Int+2 Dex+2}
   (You bought it in a shop on level 2 of the Orcish Mines)

   [ring of protection]

   AC:        It affects your AC (+4).
   Int:       It affects your intelligence (+2).
   Dex:       It affects your dexterity (+2).
   Will:      It increases your willpower.
Wands
 e - a wand of charming (15)
 j - a wand of digging (21)
 s - a wand of paralysis (21)
 t - a wand of flame (47)
 x - a wand of mindburst (41)
 D - a wand of polymorph (13)
 L - a wand of iceblast (38)
 V - a wand of acid (7)
Scrolls
 d - 5 scrolls of fear
 f - 3 scrolls of magic mapping
 l - 4 scrolls of amnesia
 q - 6 scrolls of fog
 v - 30 scrolls of identify
 I - a scroll of silence
 K - 3 scrolls of brand weapon
 M - 3 scrolls of enchant armour
Potions
 g - 5 potions of ambrosia
 h - 7 potions of haste
 m - 7 potions of invisibility
 o - 8 potions of lignification
 p - a potion of resistance
 u - 7 potions of curing
 w - 3 potions of attraction
 z - 3 potions of flight
 A - 4 potions of magic
 G - 2 potions of heal wounds
 H - a potion of cancellation
 J - 3 potions of mutation
 Q - a potion of berserk rage {unknown}
 S - 2 potions of brilliance
Miscellaneous
 N - a phantom mirror
 P - a lightning rod (4/4)
 R - a condenser vane


   Skills:
 + Level 20.7 Fighting
 - Level 3.0 Axes
 - Level 14.0 Staves
 + Level 17.9 Armour
 - Level 10.0 Dodging
 + Level 10.3 Stealth
 + Level 14.7 Shields
 + Level 12.2 Invocations
 + Level 11.2 Evocations


You had 20 spell levels left.
You didn't know any spells.
Your spell library contained the following spells:

 Spells                   Type           Power      Damage    Failure   Level
 Animate Skeleton         Necr           0%         N/A       78%         1
 Apportation              Tloc           0%         N/A       78%         1
 Foxfire                  Conj/Fire      0%         2x1d4     78%         1
 Pain                     Necr           0%         1d4       78%         1
 Slow                     Hex            0%         N/A       78%         1
 Corpse Rot               Necr/Air       0%         N/A       88%         2
 Poisonous Vapours        Pois/Air       0%         N/A       88%         2
 Sublimation of Blood     Necr           0%         N/A       88%         2
 Call Canine Familiar     Summ           0%         N/A       98%         3
 Confusing Touch          Hex            0%         N/A       98%         3
 Gell's Gravitas          Tloc           0%         N/A       98%         3
 Lesser Beckoning         Tloc           0%         N/A       98%         3
 Ozocubu's Armour         Ice            0%         N/A       98%         3
 Portal Projectile        Hex/Tloc       0%         N/A       98%         3
 Teleport Other           Tloc           0%         N/A       98%         3
 Vampiric Draining        Necr           0%         2d6       98%         3
 Animate Armour           Summ/Erth      0%         N/A       100%        4
 Flame Wave               Conj/Fire      0%         2d4       100%        4
 Leda's Liquefaction      Hex/Erth       0%         N/A       100%        4
 Petrify                  Tmut/Erth      0%         N/A       100%        4
 Summon Ice Beast         Ice/Summ       0%         N/A       100%        4
 Alistair's Intoxication  Tmut/Pois      0%         N/A       100%        5
 Blade Hands              Tmut           0%         N/A       100%        5
 Irradiate                Conj/Tmut      0%         3d14      100%        5
 Manifold Assault         Tloc           0%         N/A       100%        5
 Metabolic Englaciation   Hex/Ice        0%         N/A       100%        5
 Summon Forest            Summ/Tloc      0%         N/A       100%        5
 Summon Mana Viper        Hex/Summ       0%         N/A       100%        5
 Eringya's Noxious Bog    Tmut/Pois      0%         N/A       100%        6
 Iron Shot                Conj/Erth      0%         9d1       100%        6
 Simulacrum               Ice/Necr       0%         N/A       100%        6
 Summon Cactus Giant      Summ           0%         N/A       100%        6
 Dragon Form              Tmut           0%         N/A       100%        7
 Monstrous Menagerie      Summ           0%         N/A       100%        7
 Ozocubu's Refrigeration  Ice            0%         4d5       100%        7
 Storm Form               Tmut/Air       0%         N/A       100%        7
 Summon Hydra             Summ           0%         N/A       100%        7
 Necromutation            Tmut/Necr      0%         N/A       100%        8
 Blink                    Tloc           Unusable   N/A       N/A         2

Dungeon Overview and Level Annotations

Branches:
Dungeon (15/15)            Temple (0/1) D:4            Lair (6/6) D:8
  Swamp (4/4) Lair:3       Spider (4/4) Lair:2        Slime (0/5) Lair:6
    Orc (2/2) D:9             Elf (1/3) Orc:2        Vaults (1/5) D:14
 Depths (0/4) D:15          IceCv (visited)         Volcano (visited)
Gauntlet (visited)

Altars:
Cheibriados
Dithmenos
Kikubaaqudgha
Nemelex Xobeh
Okawaru
Sif Muna
Uskayaw
Vehumet
Xom
Zin
Beogh
Jiyva

Shops:
D:4 ?   D:5 *   D:7 *   D:12 [   Orc:2 (=!=(

Annotations:
D:5 3 runed translucent doors, cbfl8's ghost, novice MiDe
D:9 1 runed translucent door, Acetwo5's ghost, journeyman MiFi
Spider:1 1 runed translucent door, GrayStillPlays's ghost, adept VSFi
Spider:3 3 runed translucent doors, dolemite99's ghost, adept DsGl
Elf:2 3 runed translucent doors
Abyss:1 Erica; Harold; Louise; Rupert; Snorg


Innate Abilities, Weirdness & Mutations

You cannot be hasted, slowed, berserked, paralysed or teleported.
You can dig through walls and to a lower floor.
You have a pair of large antennae on your head. (SInv)
Your four strong arms can wield two-handed weapons with a shield.
You are partially covered in iridescent scales. (AC +2)
You are clumsy. (Dex -2)
You have an increased reservoir of magic. (+10% MP)
Your spells are a little harder to cast, but a little more powerful.


Message History

Space warps around the +4 halberd of distortion.
The +4 halberd of distortion is moderately damaged.
You feel sick.
The +4 halberd of distortion misses you.
You miss the +4 halberd of distortion.
The +4 halberd of distortion is moderately damaged.
You feel sick. The +4 halberd of distortion hits you!
* * * LOW HITPOINT WARNING * * *
Space warps horribly around you!
* * * LOW HITPOINT WARNING * * *
You feel much better.
You feel sick.
You block the +4 halberd of distortion's attack.
Press: ? - help, Shift-Dir - straight line, f - +4 halberd of distortion
Aim: a +4 halberd of distortion (lightly damaged, infinite will)
The +4 halberd of distortion is unaffected.
You feel sick. The +4 halberd of distortion hits you.
* * * LOW HITPOINT WARNING * * *
You block the +4 halberd of distortion's attack.
Unknown command.
Press: ? - help, Shift-Dir - straight line, f/p - +4 halberd of distortion
Aim: a +4 halberd of distortion (lightly damaged, infinite will)
The +4 halberd of distortion is unaffected.
You feel sick.
The +4 halberd of distortion hits you but does no damage.
Unknown command.
You hit the +4 halberd of distortion.
The +4 halberd of distortion is moderately damaged.
The +4 halberd of distortion blinks!
You feel sick.
You feel sick.
You start resting.
You feel sick. x2
A +4 halberd of distortion is nearby!
You feel sick.
You are no longer poisoned.
The +4 halberd of distortion hits you!!
* * * LOW HITPOINT WARNING * * *
Space warps horribly around you!!
* * * LOW HITPOINT WARNING * * *
The +4 halberd of distortion hits you but does no damage.
Space warps horribly around you!
You die...

#...#......#.......
#....#..(.#........
#....#(.#.........
##..(.##..........
##...(##..........
##(...#..#.........
#..)(#....#........
#.((#......#.......
#)@#........#.....#
#.#..........#...#.
##............###..
#............# #..
##............###..
#.#..........#...#.
#..#........#.....#
#...#......#.......
#....#....#........


You could see a +4 halberd of distortion.

Vanquished Creatures
  the Lernaean hydra (Swamp:4)
  Jorgrun (Swamp:1)
  Kirke (Swamp:2)
  An azure jelly (Spider:4)
  4 emperor scorpions
  A vault warden (Vaults:1)
  3 ghost moths
  5 ironbound preservers (Vaults:1)
  5 eleionomae
  Azrael (D:14)
  A minotaur (Gauntlet)
  A red draconian (Volcano)
  A dire elephant (Lair:6)
  3 spark wasps
  4 entropy weavers
  2 blizzard demons (IceCv)
  2 shambling mangroves (Swamp:2)
  4 ogre magi (Orc:2)
  A vault guard (D:14)
  A boulder beetle (Spider:3)
  17 hydras
  A caustic shrike simulacrum (IceCv)
  A ghost crab (Swamp:2)
  3 ironbound frosthearts (Vaults:1)
  6 centaur warriors
  5 alligators
  4 two-headed ogres
  A catoblepas (Lair:6)
  4 radroaches
  2 jorogumos (Spider:4)
  18 dancing weapons
  5 death scarabs (Spider:4)
  A spectral emperor scorpion (Spider:4)
  5 death yaks
  A tengu warrior (D:15)
  2 orc high priests
  Nergalle (Orc:2)
  9 spriggans
  8 deep elf knights
  A salamander mystic (Volcano)
  3 skeletal warriors (D:15)
  A fire crab (Lair:5)
  A sun moth (Spider:4)
  4 pharaoh ants
  2 goliath frogs
  10 swamp dragons
  3 spriggan simulacra (IceCv)
  8 deep trolls (Vaults:1)
  2 steelbarb worms
  7 orb spiders
  2 spriggan druids
  An obsidian statue (IceCv)
  4 bog bodies
  A deep troll (shapeshifter) (Gauntlet)
  2 wolf spider zombies (Spider:4)
  A spectral wolf spider (Spider:4)
  5 wizards
  6 ironbound convokers (Vaults:1)
  2 necromancers (D:14)
  3 orc knights
  2 deep elf archers
  8 ugly things
  16 deep elf pyromancers
  5 harpies (Vaults:1)
  2 lindwurms
  9 deep elf zephyrmancers
  21 wolf spiders
  3 cyclopes
  6 orc sorcerers
  2 moths of wrath
  4 salamanders (Volcano)
  3 manticores
  2 oklob plants (Swamp:2)
  2 will-o-the-wisps (Swamp:2)
  5 vault sentinels (Vaults:1)
  3 black mambas
  11 elephants
  A rust devil (Abyss:3)
  2 smoke demons
  An eye of devastation (shapeshifter) (Gauntlet)
  A molten gargoyle (Lair:3)
  14 cane toads
  A gargoyle (Gauntlet)
  9 torpor snails
  7 yaktaurs (Vaults:1)
  3 unseen horrors
  2 rime drakes
  2 anaconda simulacra (IceCv)
  5 spectral redbacks (Spider:4)
  5 demonic crawlers
  Maggie (D:6)
  3 freezing wraiths
  4 tengu conjurers (D:15)
  10 komodo dragons
  13 ice devils
  An efreet (D:15)
  6 entropy weaver simulacra (IceCv)
  14 meliai
  2 burning bushes (Lair:5)
  4 trolls
  10 polar bears
  10 hornets
  7 tyrant leeches
  19 tarantellas
  Prince Ribbit (D:5)
  A slime creature (Vaults:1)
  A tarantella zombie (Spider:4)
  A wind drake (shapeshifter) (Gauntlet)
  2 spectral jumping spiders (Spider:4)
  3 spectral tarantellas (Spider:4)
  7 blink frogs
  A raiju (Lair:6)
  2 dream sheep (Lair:6)
  26 jumping spiders
  A centaur simulacrum (D:14)
  19 culicivoras
  A culicivora (shapeshifter) (Gauntlet)
  4 wyverns
  2 wraiths (D:12)
  Sigmund (D:3)
  3 shadows
  A dire elephant simulacrum (IceCv)
  4 vampires
  A fire elemental (D:14)
  A hog (Swamp:2)
  20 humans (D:14)
  83 redbacks
  31 yaks
  4 basilisks
  A steam dragon (D:9)
  12 vampire mosquitoes
  5 wargs (Lair:6)
  4 minotaur simulacra (IceCv)
  3 harpy simulacra (IceCv)
  15 swamp worms
  2 acid dragons
  14 hell hounds
  10 water moccasins
  Duvessa (D:6)
  A hydra simulacrum (IceCv)
  5 swamp drakes
  12 black bears
  19 orc warriors
  2 alligator simulacra (IceCv)
  2 ice beasts
  A hornet zombie (D:7)
  14 ogres
  31 wolves
  14 centaurs
  2 phantoms
  3 kobold brigands (D:8)
  13 bullfrogs
  A gnoll sergeant (D:9)
  9 scorpions
  11 deep troll simulacra (IceCv)
  A wyvern skeleton (D:6)
  6 killer bees (D:9)
  Dowan (D:6)
  3 lindwurm simulacra (IceCv)
  8 wights
  An electric eel (Lair:3)
  4 crimson imps (D:15)
  6 howler monkeys
  A bullfrog zombie (D:5)
  2 centaur zombies
  2 hounds
  2 gnoll shamans
  17 orc priests
  Crazy Yiuf (D:3)
  Ijyb (D:3)
  A bullfrog skeleton (D:6)
  A centaur skeleton (D:5)
  Jessica (D:2)
  5 iguanas
  36 orc wizards
  A hound zombie (D:5)
  A howler monkey zombie (D:5)
  7 adders
  15 gnolls
  A shadow imp (D:6)
  12 white imps
  An ufetubus (D:6)
  5 worms
  A dart slug (D:4)
  76 orcs
  3 bats
  10 endoplasms
  5 giant cockroaches
  3 goblins
  6 hobgoblins
  24 kobolds
  4 quokkas
  4 ball pythons
  5 frilled lizards
  3 rats
  A spectral goblin (D:2)
  A butterfly (Lair:1)
1184 creatures vanquished.

Vanquished Creatures (collateral kills)
  2 yaktaurs (Vaults:1)
2 creatures vanquished.

Vanquished Creatures (others)
  An alligator (Swamp:2)
  A bloated husk (Swamp:4)
  2 humans (Swamp:2)
  An orc (D:15)
  6 bushes
  19 foxfires (Swamp:2)
  32 fungi
  56 plants
118 creatures vanquished.

Grand Total: 1304 creatures vanquished

Notes
Turn   | Place    | Note
-------+----------+-------------------------------------------
     0 | Abyss:1  | oldriver the Formicid Abyssal Knight began the quest for
                  | the Orb.
     0 | Abyss:1  | Reached XP level 1. HP: 18/18 MP: 2/2
    45 | Abyss:1  | Noticed a lich
    45 | Abyss:1  | Noticed an ice beast
    46 | D:1      | Escaped the Abyss
    84 | D:1      | Reached * piety under Lugonu
   312 | D:1      | Reached XP level 2. HP: 22/24 MP: 3/3
  1013 | D:1      | Reached XP level 3. HP: 30/30 MP: 4/4
  1368 | D:2      | Identified the +10 quarterstaff "Dotosiqe" {distort, Str+2
                  | Int+2}
  1522 | D:2      | Found the +1 Delatra's gloves {ID++}
  1526 | D:2      | Reached skill level 4 in Fighting
  1526 | D:2      | Reached skill level 1 in Staves
  1526 | D:2      | Reached XP level 4. HP: 28/37 MP: 5/5
  1687 | D:2      | Noticed Jessica
  1693 | D:2      | Killed Jessica
  2073 | D:2      | Reached XP level 5. HP: 42/42 MP: 6/6
  2074 | D:2      | Found a faded altar of an unknown god.
  2269 | D:3      | Reached ** piety under Lugonu
  2301 | D:3      | Noticed Sigmund
  2657 | D:4      | Found Zulif's Magic Scroll Boutique.
  2658 | D:4      | Noticed an ogre
  2688 | D:4      | Killed an ogre
  2689 | D:4      | Reached XP level 6. HP: 49/49 MP: 6/8
  3252 | D:4      | Found a staircase to the Ecumenical Temple.
  3294 | D:4      | Found a shimmering blue altar of Sif Muna.
  3501 | D:3      | Reached skill level 5 in Fighting
  3511 | D:3      | Noticed Ijyb
  3533 | D:3      | Killed Ijyb
  3534 | D:3      | Reached XP level 7. HP: 52/56 MP: 9/9
  3606 | D:3      | Killed Sigmund
  3760 | D:3      | Found a runed translucent door.
  3761 | D:3      | Noticed Crazy Yiuf
  4279 | D:3      | Killed Crazy Yiuf
  4280 | D:3      | Reached skill level 5 in Staves
  4332 | D:5      | Entered Level 5 of the Dungeon
  4540 | D:5      | Reached XP level 8. HP: 60/64 MP: 11/11
  4665 | D:5      | Found a runed translucent gate.
  4665 | D:5      | Found a runed translucent gate.
  4721 | D:5      | Found Viromp's Assorted Antiques.
  4768 | D:5      | Reached *** piety under Lugonu
  4805 | D:5      | Noticed Prince Ribbit
  4812 | D:5      | Killed Prince Ribbit
  4813 | D:5      | Reached skill level 6 in Fighting
  4813 | D:5      | Reached skill level 5 in Invocations
  5232 | D:5      | Found a runed translucent gate.
  5234 | D:5      | Noticed cbfl8's ghost (novice MiDe)
  5390 | D:5      | Reached skill level 1 in Stealth
  5506 | D:5      | Reached XP level 9. HP: 71/71 MP: 12/12
  5599 | D:5      | Reached skill level 7 in Fighting
  5809 | D:5      | Bought a shiny chain mail for 232 gold pieces
  6290 | D:6      | Noticed Maggie
  6300 | D:6      | Killed Maggie
  6633 | D:6      | Noticed Duvessa
  6636 | D:6      | Killed Duvessa
  6646 | D:6      | Noticed Dowan
  6656 | D:6      | Killed Dowan
  6926 | D:6      | Reached skill level 5 in Stealth
  7037 | D:6      | Reached skill level 8 in Fighting
  7037 | D:6      | Reached XP level 10. HP: 76/80 MP: 14/14
  7419 | D:7      | Reached **** piety under Lugonu
  7866 | D:7      | Found a glowing silver altar of Zin.
  7891 | D:7      | Found a sparkling altar of Nemelex Xobeh.
  7926 | D:7      | Found Leolaseytu's CLEARANCE SALE!.
  8332 | D:8      | Identified the +7 chain mail "Onodd" {rC+ Str+5 Stlth+}
  8352 | D:8      | Found a shadowy altar of Dithmenos.
  8367 | D:8      | Found a shimmering altar of Xom.
  8520 | D:8      | Reached skill level 10 in Staves
  8948 | D:8      | Noticed Harold
  8952 | D:8      | Banished Harold
  8958 | D:8      | Reached skill level 9 in Fighting
  9102 | D:8      | Found a staircase to the Lair.
  9366 | Lair:1   | Entered Level 1 of the Lair of Beasts
  9507 | Lair:1   | Noticed a komodo dragon
  9982 | Lair:1   | Killed a komodo dragon
  9983 | Lair:1   | Reached XP level 11. HP: 80/89 MP: 16/16
 10499 | Lair:1   | Noticed an eight-headed hydra
 10500 | Lair:1   | Banished an eight-headed hydra
 10837 | Lair:1   | Reached skill level 5 in Armour
 11201 | Lair:1   | Reached skill level 10 in Fighting
 11537 | Lair:1   | Noticed a seven-headed hydra
 11545 | Lair:1   | Banished a seven-headed hydra
 12293 | Lair:2   | Reached XP level 12. HP: 98/98 MP: 18/18
 12330 | Lair:2   | Gained mutation: Your spells are a little harder to cast,
                  | but a little more powerful. [potion of mutation]
 12330 | Lair:2   | Gained mutation: You have an increased reservoir of magic.
                  | (+10% MP) [potion of mutation]
 12330 | Lair:2   | Gained mutation: You are clumsy. (Dex -2) [potion of
                  | mutation]
 12330 | Lair:2   | Gained mutation: You are partially covered in iridescent
                  | scales. (AC +2) [potion of mutation]
 12331 | Lair:2   | Found a hole to the Spider Nest.
 12910 | Lair:2   | Found a hide-covered altar of Uskayaw.
 13773 | Lair:3   | Reached skill level 11 in Fighting
 14862 | D:9      | Noticed Erica
 14863 | D:9      | Banished Erica
 15096 | D:9      | Noticed Acetwo5's ghost (journeyman MiFi)
 15103 | D:9      | Found a runed translucent door.
 15306 | D:9      | Reached skill level 1 in Dodging
 15427 | D:9      | Found a staircase to the Orcish Mines.
 15692 | D:9      | Found a hide-covered altar of Uskayaw.
 15783 | D:10     | Entered Level 10 of the Dungeon
 15796 | D:10     | Reached XP level 13. HP: 97/106 MP: 21/21
 15990 | D:10     | Identified the +4 cloak of Sin {rF+}
 16216 | D:10     | Found an iron altar of Okawaru.
 16216 | D:10     | Found a radiant altar of Vehumet.
 16413 | D:10     | Noticed a four-headed hydra
 16419 | D:10     | Killed a four-headed hydra
 16728 | D:11     | Reached ***** piety under Lugonu
 17199 | D:11     | Reached skill level 12 in Fighting
 17772 | Lair:3   | Found a staircase to the Swamp.
 18485 | Lair:4   | Found a snail-covered altar of Cheibriados.
 18603 | Lair:4   | Noticed a seven-headed hydra
 18615 | Lair:4   | Killed a seven-headed hydra
 18641 | Lair:4   | Reached skill level 10 in Armour
 18658 | Lair:4   | Reached skill level 13 in Fighting
 18701 | Lair:4   | Found a dark tunnel.
 18737 | Volcano  | Entered a volcano
 18812 | Volcano  | Noticed a red draconian
 18821 | Volcano  | Killed a red draconian
 19323 | Lair:4   | Noticed an eight-headed hydra
 19336 | Lair:4   | Killed an eight-headed hydra
 19337 | Lair:4   | Reached skill level 14 in Fighting
 19919 | Lair:5   | Reached skill level 1 in Evocations
 19945 | Lair:5   | Reached XP level 14. HP: 51/120 MP: 22/22
 20872 | Lair:6   | Entered Level 6 of the Lair of Beasts
 20921 | Lair:6   | Reached skill level 5 in Dodging
 21096 | Lair:6   | Found a staircase to the Slime Pits.
 21100 | Lair:6   | Found a viscous altar of Jiyva.
 21141 | Lair:6   | Reached skill level 5 in Evocations
 21180 | Lair:6   | Reached skill level 15 in Fighting
 21318 | Lair:6   | Reached ****** piety under Lugonu
 22288 | Lair:6   | Reached XP level 15. HP: 129/129 MP: 23/23
 23192 | D:12     | Identified the +0 robe of the Wasteland {rN+++ Str-2 Int+3}
 23410 | D:5      | Bought a pair of embroidered boots for 232 gold pieces
 23824 | D:12     | Found Ziufeach's Armour Boutique.
 24528 | D:13     | Found a gate leading to a gauntlet.
 24537 | Gauntlet | Entered a Gauntlet
 24537 | Gauntlet | Found a transporter.
 24537 | Gauntlet | Found a transporter.
 24541 | Gauntlet | Found a transporter.
 24541 | Gauntlet | Found a transporter.
 24551 | Gauntlet | Found a transporter.
 24562 | Gauntlet | Found a transporter.
 24572 | Gauntlet | Found a transporter.
 24572 | Gauntlet | Found a transporter.
 24576 | Gauntlet | Found a transporter.
 24603 | Gauntlet | Found a transporter.
 24610 | Gauntlet | Found a transporter.
 24646 | Gauntlet | Found a transporter.
 24661 | Gauntlet | Found a transporter.
 24675 | Gauntlet | Found a transporter.
 24775 | Gauntlet | Found a transporter.
 24796 | Gauntlet | Found a transporter.
 24968 | Gauntlet | Reached skill level 16 in Fighting
 24978 | Gauntlet | Identified the amulet of Ohaunn {Acrobat *Slow rPois rN+
                  | rCorr}
 25029 | Gauntlet | Identified the ring "Pashrogh" {rPois rF- AC+4 Int+6}
 25556 | D:13     | Noticed Snorg
 25558 | D:13     | Banished Snorg
 25953 | D:14     | Noticed Azrael
 25966 | D:14     | Killed Azrael
 26265 | D:14     | Got the Volume of Shifting Fire
 26284 | D:14     | Reached XP level 16. HP: 139/139 MP: 25/25
 26326 | D:14     | Found a gate to the Vaults.
 26912 | Orc:1    | Entered Level 1 of the Orcish Mines
 27306 | Orc:1    | Found a radiant altar of Vehumet.
 27439 | Orc:1    | Reached skill level 10 in Stealth
 27646 | Orc:2    | Entered Level 2 of the Orcish Mines
 27767 | Orc:2    | Found a staircase to the Elven Halls.
 28135 | Orc:2    | Found Jiugovva's Jewellery Boutique.
 28238 | Orc:2    | Found a radiant altar of Vehumet.
 28269 | Orc:2    | Reached skill level 17 in Fighting
 28312 | Orc:2    | Found Gojes's Jewellery Boutique.
 28377 | Orc:2    | Noticed Nergalle
 28400 | Orc:2    | Found an ancient bone altar of Kikubaaqudgha.
 28407 | Orc:2    | Killed Nergalle
 28440 | Orc:2    | Found Hubimpiw's Antique Weapon Shop.
 28474 | Orc:2    | Found Mogug's Distillery.
 28648 | Orc:2    | Found Ovirask's Weapon Boutique.
 28959 | Orc:2    | Bought the ring of the Final Decision {Will+ AC+4 Int+2
                  | Dex+2} for 684 gold pieces
 29248 | D:15     | Entered Level 15 of the Dungeon
 29300 | D:15     | Found a staircase to the Depths.
 30260 | D:15     | Noticed Rupert
 30303 | D:15     | Banished Rupert
 30517 | D:15     | Noticed Louise
 30535 | D:15     | Banished Louise
 31099 | Spider:1 | Entered Level 1 of the Spider Nest
 31251 | Spider:1 | Reached skill level 1 in Shields
 31695 | Spider:2 | Reached XP level 17. HP: 136/149 MP: 26/26
 32558 | Spider:1 | Reached skill level 10 in Invocations
 32630 | Spider:1 | Reached skill level 5 in Shields
 33040 | Spider:1 | Reached skill level 18 in Fighting
 33701 | Spider:1 | Found a runed translucent door.
 33701 | Spider:1 | Noticed GrayStillPlays's ghost (adept VSFi)
 35720 | Spider:2 | Reached skill level 15 in Armour
 37015 | Spider:3 | Found a runed translucent gate.
 37015 | Spider:3 | Found a runed translucent gate.
 37015 | Spider:3 | Found a runed translucent gate.
 37018 | Spider:3 | Noticed dolemite99's ghost (adept DsGl)
 37162 | Spider:3 | Reached XP level 18. HP: 139/158 MP: 28/28
 37651 | Spider:3 | Found the +2 shield of Resistance {rF++ rC++ Will++}
 37978 | Spider:4 | Entered Level 4 of the Spider Nest
 38158 | Spider:4 | Found a frozen archway.
 38182 | IceCv    | Entered an ice cave
 38495 | IceCv    | Identified the amulet "Kyelufeth" {Acrobat rPois rCorr
                  | Stlth-}
 38678 | IceCv    | Reached skill level 19 in Fighting
 39134 | IceCv    | Identified the +0 pair of boots of the Game of Life {rF+}
 39445 | IceCv    | Found the +4 skin of Zhor {*Englaciate rC+++ SInv}
 39578 | Spider:4 | Reached skill level 10 in Dodging
 41674 | Swamp:1  | Entered Level 1 of the Swamp
 41691 | Swamp:1  | Reached skill level 10 in Shields
 41697 | Swamp:1  | Reached XP level 19. HP: 140/167 MP: 29/29
 42297 | Swamp:1  | Noticed Jorgrun
 42320 | Swamp:1  | Killed Jorgrun
 43216 | Orc:2    | Bought a +4 ring of slaying for 936 gold pieces
 43557 | Swamp:2  | Noticed Kirke
 43586 | Swamp:2  | Killed Kirke
 44881 | Swamp:4  | Entered Level 4 of the Swamp
 45124 | Swamp:3  | Reached skill level 20 in Fighting
 45449 | Swamp:4  | Noticed the 27-headed Lernaean hydra
 45454 | Swamp:4  | Killed the 27-headed Lernaean hydra
 46571 | Swamp:4  | Got a decaying rune of Zot
 46853 | Spider:1 | Identified a scroll of acquirement
 46853 | Spider:1 | Acquired a +0 lajatang of speed
 47144 | Spider:4 | Reached XP level 20. HP: 176/176 MP: 19/30
 47621 | Spider:4 | Got a gossamer rune of Zot
 47934 | Vaults:1 | Entered Level 1 of the Vaults
 48073 | Vaults:1 | Reached skill level 10 in Evocations
 49804 | Elf:1    | Entered Level 1 of the Elven Halls
 51044 | Elf:1    | You are sucked into a shaft and drop 1 floor!
 51575 | Elf:2    | Found a runed translucent gate.
 51576 | Elf:2    | Found a runed translucent gate.
 51577 | Elf:2    | Found a runed translucent gate.
 52097 | Elf:2    | Reached XP level 21. HP: 180/181 MP: 31/33
 52238 | Elf:2    | Cast into level 3 of the Abyss (+4 halberd of distortion)
 52336 | Elf:2    | Escaped the Abyss
 52357 | Elf:2    | HP: 4/184 [+4 halberd of distortion (18)]
 52357 | Elf:2    | Mangled by a +4 halberd of distortion

Illustrated notes

Levels and vault maps discovered:
D:1:      lightli_arrival_noodles, layout_basic, kennysheep_another_room
D:2:      layout_basic, dreamdust_ecumenical_altar_drowned_temple,
          hex_intersection, pf_guarded_unrand_delatra, uniq_jessica
D:3:      layout_basic, uniq_crazy_yiuf_cottage, uniq_ijyb, uniq_sigmund
D:4:      layout_gridville, led_sif_book, minmay_temple_entry_statues_pillars,
          serial_shops, shop
D:5:      minmay_diamond_boxcup, layout_cave_pods, serial_shops, shop,
          serial_glass, glass_columns_b, glass_columns_b,
          gammafunk_ghost_necromancy, uniq_prince_ribbit1
D:6:      minmay_evil_eye, layout_loops_corners,
          minmay_fractal_squares_gapless_5, uniq_duvessa, uniq_maggie
D:7:      layout_basic, mainiacjoe_overflow_swirl, nicolae_shop_clearance
D:8:      layout_loops_cross, mainiacjoe_overflow_concentric_impassable,
          grunt_dithmenos_smoke_and_mirrors, grunt_lair_entry_orc_guard_hut,
          uniq_harold
D:9:      layout_long_grid, nicolae_uskayaw_murder_on_the_dancefloor,
          orc_0_dummy, hellmonk_ghost_happy_afterlife, patterned_corridor,
          uniq_erica
D:10:     layout_loops_cross, gammafunk_temple_overflow_wave
D:11:     layout_stronghold, minmay_misc_feat_diagonals
D:12:     layout_basic, serial_shops, nicolae_shop_waterfront
D:13:     layout_roguey, gauntlet_entry_generic, uniq_snorg
D:14:     layout_loops_ring, grunt_vaults_entry_tiered, uniq_azrael
D:15:     grunt_enter_depths_giant_problem, layout_loops_ring,
          chequers_arboretum, moated_statue, minmay_fire_ice_demons,
          uniq_louise, uniq_rupert
Lair:1:   layout_gridlike, st_stairs_7, grunt_forest_small_clearing_treed,
          lemuel_fruit_fields
Lair:2:   layout_regular_city, nicolae_spider_entry_non_spiders, basic_altar,
          chequers_serial_rivers_micro_d, wad_woods_06,
          nicolae_quartered_pool_super, lemuel_fruit_tree
Lair:3:   layout_gridlike, minmay_swamp_entry_reptiles
Lair:4:   layout_cave_pods, nicolae_volcano_entry_hallway, basic_altar,
          infiniplex_staircase_pool_2
Lair:5:   layout_loops_ring, st_stairs_7, evilmike_ambush
          [evilmike_ambush_outer_corners, evilmike_ambush_inner_pond]
Lair:6:   hangedman_lair_in_review, layout_regular_city,
          hangedman_lair_caniforms_friends, slime_altar_1
Swamp:1:  layout_basic_swamp, serial_swamp_ruin, evilmike_swamp_ruin_house_4,
          evilmike_swamp_ruin_house_1, evilmike_swamp_ruin_wall, uniq_jorgrun
Swamp:2:  nicolae_swamp_phyte_club, layout_falls_marsh,
          evilmike_swamp_ruin_house_5, swamp_pool4, uniq_kirke
Swamp:3:  cheibrodos_swamp_heart_of_darkness, layout_basic_swamp,
          evilmike_swamp_ruin_rubble_2, infiniplex_staircase_pool
Swamp:4:  swamp_old_school, layout_basic_swamp
Spider:1: layout_chambers, gammafunk_ghost_grave
Spider:2: layout_spider_delve, drop_trap
Spider:3: layout_spider_delve, ebering_ghost_rock_garden
Spider:4: floodkiller_spider_rune_tomb, portal_ice_cave_entry_frozen_things
Orc:1:    layout_caves, basic_altar
Orc:2:    kennysheep_orc_mage_school, layout_caves, serial_shops, shop,
          nicolae_orc_crystal_geode
Elf:1:    elf_arrival_002, layout_loops_ring,
          hangedman_elven_crosses_minicolossus, minmay_crystal_room,
          uniq_roxanne
Elf:2:    nicolae_elf_blades_splatter_lattice [nicolae_blade_lattice],
          layout_geoelf_octagon, kennysheep_underground_church
Vaults:1: nicolae_vaults_little_squares_1, v_pattern_5, nicolae_vaults_alarming,
          vaults_mumra_bighexcomb, vaults_dpeg_spiral, v_alt_pattern_4,
          vaults_room_ringed_pool, v_rooms_3, ontoclasm_vaults_ring_large,
          nicolae_vaults_rhombus_5, dpeg_vaults_monster_box,
          vaults_standard_mumra_enter_the_diamond,
          ontoclasm_vaults_loading_screen, layout_vaults_ring

Skill      XL: |  1  2  3  4  5  6  7  8  9 10 11 12 13 14 15 16 17 18 19 20 |
---------------+-------------------------------------------------------------+-----
Axes           | 3 |  3.0
Fighting       | 4 5 6 8 9 10 11 14 15 16 17 18 19 20 | 20.7
Staves         | 1 2 3 4 5 7 9 10 12 13 14 | 14.0
Invocations    | 3 4 5 7 9 10 12 | 12.2
Stealth        | 2 5 9 10 | 10.3
Armour         | 3 5 8 10 11 12 13 15 16 17 | 17.9
Dodging        | 1 3 5 7 9 10 | 10.0
Evocations     | 1 6 8 9 11 | 11.2
Shields        | 2 5 10 13 14 | 14.7

Action                   |  1- 3 |  4- 6 |  7- 9 | 10-12 | 13-15 | 16-18 | 19-21 || total
-------------------------+-------+-------+-------+-------+-------+-------+-------++-------
Melee: Hand axe          |    59 |       |       |       |       |       |       ||    59
       Punch             |     2 |       |     1 |       |    20 |    10 |       ||    33
       Quarterstaff      |     5 |    65 |   136 |   410 |   923 |  1559 |   891 ||  3989
 Fire: Hunting sling     |       |       |       |       |     1 |    31 |       ||    32
Throw: Stone             |       |    24 |    43 |     4 |       |    69 |    37 ||   177
       Dart              |       |       |     3 |     5 |     1 |       |     1 ||    10
Invok: Depart the Abyss  |     1 |       |       |       |       |       |     1 ||     2
       Banish            |       |       |       |     7 |     5 |       |     7 ||    19
       Bend Space        |       |       |       |     3 |     3 |       |     6 ||    12
 Abil: Dig               |       |     4 |       |       |     1 |       |     1 ||     6
Evoke: Wand              |       |       |       |     3 |    11 |     2 |     4 ||    20
       Lightning rod     |       |       |       |       |       |     6 |     7 ||    13
       Phantom mirror    |       |       |       |       |       |       |     2 ||     2
  Use: Scroll            |       |       |       |    13 |     3 |     1 |     4 ||    21
       Potion            |       |       |       |     4 |    10 |     3 |     3 ||    20
 Stab: Invisible         |       |       |       |       |     1 |       |       ||     1
       Petrified         |       |       |       |       |     4 |       |       ||     4
       Petrifying        |       |       |       |       |     1 |       |       ||     1
       Sleeping          |       |       |       |       |       |     6 |     6 ||    12
       Distracted        |       |       |       |       |       |       |     1 ||     1
Armor: Leather armour    |    22 |    20 |    23 |       |       |       |       ||    65
       Ring mail         |       |    14 |       |       |       |       |       ||    14
       Chain mail        |       |       |    17 |   192 |   573 |   913 |   510 ||  2205
       Skin              |       |       |       |    40 |       |       |       ||    40
Dodge: Dodged            |    43 |    44 |    45 |   167 |   371 |   777 |   486 ||  1933
Block: Buckler           |       |       |       |       |       |   144 |       ||   144
       Kite shield       |       |       |       |       |       |   270 |   555 ||   825
